 Dungeon Crawl Stone Soup version 0.29.0-11-gd7f09526c8 (webtiles) character file.

Game seed: 16676334656059076216

806 Lochraine the Conjurer (level 7, -3/50 HPs)
             Began as a White Draconian Conjurer on Sept 6, 2022.
             Was an Initiate of Kikubaaqudgha.
             Killed from afar by an orc wizard (4 damage)
             ... with a magic dart
             ... on level 4 of the Dungeon.
             The game lasted 00:15:53 (5254 turns).

Lochraine the Conjurer (White Draconian Conjurer)   Turns: 5254, Time: 00:15:53

Health: -3/50      AC:  6    Str:  9    XL:     7   Next: 60%
Magic:  15/15      EV: 12    Int: 20    God:    Kikubaaqudgha [......]
Gold:   158        SH:  0    Dex: 10    Spells: 14/17 levels left

rFire   . . .      SeeInvis .   q - +4 dagger
rCold   + + .      Faith    .   (no shield)
rNeg    . . .      Spirit   .   (body armour unavailable)
rPois   .          Reflect  .   (helmet restricted)
rElec   .          Harm     .   (no cloak)
rCorr   .          Rampage  .   (no gloves)
Will    .....                   (no boots)
Stlth   ++........              e - amulet of magic regeneration
HPRegen 0.16/turn               d - ring of wizardry
MPRegen 0.54/turn               o - ring of protection from cold

@: no status effects
A: breathe frost, AC +6, unfitting armour, cold resistance 1, cold-blooded
a: Breathe Frost, Renounce Religion


You were on level 4 of the Dungeon.
You worshipped Kikubaaqudgha.
Kikubaaqudgha was noncommittal.
You visited 2 branches of the dungeon, and saw 6 of its levels.

You collected 187 gold pieces.
You spent 29 gold pieces at shops.

Inventory:

Hand Weapons
 p - a +0 short sword
   (You took it off a kobold on level 1 of the Dungeon)
 q - a +4 dagger (weapon)
   (You took it off a kobold on level 4 of the Dungeon)
Jewellery
 d - a ring of wizardry (left hand)
   (You found it on level 1 of the Dungeon)
 e - an amulet of magic regeneration (around neck)
   (You took it off a kobold on level 4 of the Dungeon)
 o - a ring of protection from cold (right hand)
   (You found it on level 3 of the Dungeon)
 s - a ring of flight
   (You found it on level 4 of the Dungeon)
Scrolls
 i - 2 scrolls of teleportation {unknown}
 k - a scroll of noise {unknown}
 n - a scroll of amnesia {unknown}
 t - a scroll of summoning {unknown}
 v - a scroll of fog {unknown}
Potions
 a - a potion of magic
 b - 2 potions of lignification {unknown}
 f - 2 potions of curing {@q1}
 g - a potion of resistance {unknown}
 h - 2 potions of mutation {!q}
 j - a potion of flight
 l - a potion of haste {@q3}
 m - 2 potions of attraction {!q}
 r - a potion of degeneration {!q}
 u - 2 potions of might


   Skills:
 - Level 1.7 Dodging
 - Level 1.7 Stealth
 + Level 5.6 Spellcasting
 + Level 7.1 Conjurations
 + Level 2.1 Necromancy


You had 14 spell levels left.
You knew the following spells:

 Your Spells              Type           Power      Damage    Failure   Level
a - Magic Dart            Conj           100%       1d8       1%          1
s - Searing Ray           Conj           68%        2d6       1%          2

Your spell library contained the following spells:

 Spells                   Type           Power      Damage    Failure   Level
 Dazzling Flash           Conj/Hex       38%        N/A       3%          3
 Fulminant Prism          Conj/Hex       9%         3d7       11%         4
 Iskenderun's Mystic Bla  Conj/Tloc      19%        2d6       11%         4
 Petrify                  Tmut/Erth      5%         N/A       38%         4
 Metabolic Englaciation   Hex/Ice        2%         N/A       73%         5
 Starburst                Conj/Fire      9%         6d5       80%         6
 Statue Form              Tmut/Erth      3%         N/A       99%         6


Dungeon Overview and Level Annotations

Branches:
Dungeon (5/15) Zot: 24763  Temple (1/1) D:4 Zot: 5970

Altars:
Ashenzari
Cheibriados
Dithmenos
Elyvilon
Fedhas
Gozag
Kikubaaqudgha
Makhleb
Nemelex Xobeh
Qazlal
Ru
Sif Muna
Uskayaw
Wu Jian
Yredelemnul
Zin
The Shining One

Shops:
D:2 *   D:5 *

Annotations:
D:3 1 runed translucent door, Crazy Yiuf


Innate Abilities, Weirdness & Mutations

You can breathe waves of freezing cold which knock back foes.
Your icy white scales are hard. (AC +6)
You cannot fit into any form of body armour.
Your flesh is cold resistant. (rC+)
You are cold-blooded and may be slowed by cold attacks.


Message History

You are confused.
There is a stone staircase leading up here.
In your confused state, you trip and fall back down the stairs.
* * * LOW HITPOINT WARNING * * *
An orc wizard comes into view. It is wielding a +0 dagger.
The orc wizard hits you but does no damage.
You are poisoned.
The orc wizard casts a spell.
The orc wizard flickers and vanishes!
Deactivating autopickup; reactivate with Ctrl-A.
In your confused state, you trip and fall back down the stairs.
* * * LOW HITPOINT WARNING * * *
You feel sick.
The orc wizard hits you but does no damage.
You are more poisoned.
The troll barely misses you. The troll claws you.
* * * LOW HITPOINT WARNING * * *
The troll claws you.
* * * LOW HITPOINT WARNING * * *
You hear some strange, mumbled words.
You are more confused.
You feel better. The troll bites you but does no damage.
The troll closely misses you. The troll claws you!
* * * LOW HITPOINT WARNING * * *
A magic dart appears from out of thin air!
The magic dart hits you.
* * * LOW HITPOINT WARNING * * *
The orc wizard gestures at you while chanting.
The magic dart hits you!
* * * LOW HITPOINT WARNING * * *
Unknown command.
Unknown command.
Okay, then.
The orc wizard hits you but does no damage.
You are lethally poisoned!
The troll barely misses you. x2; The troll closely misses you.
You climb upwards.
Reactivating autopickup.
* * * LOW HITPOINT WARNING * * *
You feel very sick.
There is a stone staircase leading down here.
Unknown command.
Unknown command.
You feel better. The troll misses you. The troll claws you!
* * * LOW HITPOINT WARNING * * *
The troll claws you but does no damage.
The orc wizard gestures at you while chanting.
The magic dart hits you.
You die...
Kikubaaqudgha rasps: "You have failed me!
Welcome... death!"

.....# ##................# .....#
##.................# #....##
#..................# #.....###
#...)..............###
........####.....................
.#####...........................
## ###........(................ #
###.....To........####....
##.....@.......## ##...
##....######....# ##.. #...###
###..## #.. # ###..## ##..### ##.
########....# ##...###..
...........## #........
...........# ##.......
#########..## ###....# ##).#
###########


You could see a troll and an orc wizard.

Vanquished Creatures
  Grinder (D:4)
  An ogre (D:5)
  A black bear (D:5)
  A scorpion (D:4)
  A hound (D:4)
  An iguana (D:4)
  Natasha (thrice) (D:4)
  3 orc wizards (D:4)
  A gnoll (D:3)
  4 adders
  A worm (D:3)
  2 dart slugs (D:2)
  13 orcs
  3 ball pythons
  8 endoplasms
  4 giant cockroaches
  8 goblins
  7 hobgoblins
  5 kobolds
  3 quokkas
  9 bats
  5 frilled lizards
  11 rats
96 creatures vanquished.

Vanquished Creatures (others)
  An orc wizard (D:5)
1 creature vanquished.

Grand Total: 97 creatures vanquished

Notes
Turn   | Place    | Note
-------+----------+-------------------------------------------
     0 | D:1      | Lochraine the Draconian Conjurer began the quest for the
                  | Orb.
     0 | D:1      | Reached XP level 1. HP: 14/14 MP: 3/3
   310 | D:1      | Reached XP level 2. HP: 17/20 MP: 0/5
   487 | D:1      | Learned a level 2 spell: Searing Ray
  1418 | D:1      | Reached XP level 3. HP: 26/26 MP: 2/7
  2131 | D:2      | Found a faded altar of an unknown god.
  2166 | D:2      | Found Nadon's Assorted Antiques.
  2170 | D:2      | Reached XP level 4. HP: 33/33 MP: 4/8
  2443 | D:3      | Reached skill level 5 in Conjurations
  3251 | D:3      | Found a runed translucent door.
  3252 | D:3      | Noticed Crazy Yiuf
  3506 | D:4      | Reached XP level 5. HP: 34/38 MP: 0/10
  3767 | D:4      | Found a staircase to the Ecumenical Temple.
  3938 | D:4      | Noticed Grinder
  3954 | D:4      | Paralysed by Grinder for 5 turns
  3971 | D:4      | Killed Grinder
  3972 | D:4      | Reached skill level 6 in Conjurations
  3972 | D:4      | Reached XP level 6. HP: 14/45 MP: 2/12
  4186 | Temple   | Entered the Ecumenical Temple
  4211 | Temple   | Became a worshipper of Kikubaaqudgha
  4221 | D:4      | Noticed Natasha
  4225 | D:4      | Killed Natasha
  4360 | D:4      | Noticed Natasha
  4366 | D:4      | Killed Natasha
  4512 | D:4      | Noticed Natasha
  4523 | D:4      | Killed Natasha
  4801 | D:4      | Reached skill level 5 in Spellcasting
  4803 | D:4      | Your scales start taking on an icy white colour.
  4803 | D:4      | Reached XP level 7. HP: 40/50 MP: 0/14
  4803 | D:4      | Gained mutation: Your flesh is cold resistant. (rC+) [White
                  | Draconian growth]
  5012 | D:5      | Entered Level 5 of the Dungeon
  5028 | D:5      | Noticed a troll
  5030 | D:5      | Reached skill level 1 in Necromancy
  5131 | D:5      | Found Soimn's Assorted Antiques.
  5205 | D:5      | Bought a scroll labelled GECSIN GOKHE for 29 gold pieces
  5231 | D:5      | Reached skill level 7 in Conjurations
  5253 | D:4      | HP: 1/50 [poisoned by an orc wizard]
  5254 | D:4      | Killed from afar by an orc wizard

Illustrated notes

Levels and vault maps discovered:
D:1:      dpeg_arrival_prison, layout_loops_ring
D:2:      layout_rooms, hellmonk_ecumenical_altar_pennies_from_heaven,
          serial_shops, nicolae_diamond_shop
D:3:      layout_basic, kennysheep_generic_room_15, uniq_crazy_yiuf_cottage
D:4:      layout_layer_cave, minmay_temple_entry_drinking_statues, uniq_grinder,
          uniq_natasha
D:5:      layout_layer_cave, trog_butcher_becter, serial_shops,
          nicolae_stop_n_shop_1, minmay_a_box_with_orc_wizards_in_it
Temple:   sentei_temple_godly_chess

Skill      XL: |  1  2  3  4  5  6  7 |
---------------+----------------------+-----
Spellcasting   | 3 4 5 |  5.6
Conjurations   | 5 6 7 |  7.1
Necromancy     | 2 |  2.1
Dodging        | |  1.7
Stealth        | |  1.7

Action                   |  1- 3 |  4- 6 |  7- 9 || total
-------------------------+-------+-------+-------++-------
Melee: Unarmed           |    62 |       |       ||    62
       Tailslap          |     6 |     3 |     1 ||    10
       Dagger            |       |    14 |     4 ||    18
       Short sword       |       |     2 |       ||     2
Throw: Throwing net      |       |     1 |       ||     1
 Cast: Magic Dart        |    94 |    68 |     9 ||   171
       Searing Ray       |     2 |    12 |     6 ||    20
 Abil: Breathe Frost     |       |       |     1 ||     1
  Use: Scroll            |       |     1 |     4 ||     5
       Potion            |       |     1 |     2 ||     3
Armor: Skin              |    27 |     5 |    18 ||    50
Dodge: Dodged            |    56 |    24 |    22 ||   102
